 Dungeon Crawl Stone Soup version 0.25.0-9-g26727b657a (webtiles) character file.

Game seed: 10634605890877721266

1212 vurker the Firebug (level 8, -3/36 HPs)
             Began as a Felid Fire Elementalist on June 18, 2020.
             Was an Initiate of Vehumet.
             Shot with an arrow by a centaur (10 damage)
             ... on level 7 of the Dungeon.
             The game lasted 00:15:18 (8815 turns).

vurker the Firebug (Felid Fire Elementalist)        Turns: 8815, Time: 00:15:18

Health: -3/36      AC:  2    Str:  4    XL:     8   Next: 22%
Magic:  1/18       EV: 18    Int: 18    God:    Vehumet [......]
Gold:   480        SH:  0    Dex: 17    Spells: 9/19 levels left
                                        Lives:  0   Deaths: 2

rFire    . . .     SeeInvis +   (weapon unavailable)
rCold    + . .     Gourm    .   (shield unavailable)
rNeg     . . .     Faith    .   (armour unavailable)
rPois    +         Spirit   .   (helmet unavailable)
rElec    .         Reflect  .   (cloak unavailable)
rCorr    .         Harm     .   (gloves unavailable)
MR       +....                  (boots unavailable)
Stlth    +++.......             (no amulet)
HPRegen  0.12/turn              g - ring of poison resistance
MPRegen  0.16/turn              p - ring of protection from cold

@: quick
A: very small, no armour, no weapons or thrown items, stealth, claws 1, fangs 3,
see invisible, carnivore, speed 1, shaggy fur 2, slow metabolism 1, sharp paws
a: Renounce Religion


You were on level 7 of the Dungeon.
You worshipped Vehumet.
Vehumet was noncommittal.
You were not hungry.

You visited 2 branches of the dungeon, and saw 8 of its levels.

You collected 480 gold pieces.

Inventory:

Jewellery
 b - an uncursed ring of protection from magic
   (You found it on level 5 of the Dungeon)
 g - a ring of poison resistance (left paw)
   (You found it on level 1 of the Dungeon)
 l - an uncursed ring of protection from fire
   (You found it on level 3 of the Dungeon)
 p - a ring of protection from cold (right paw)
   (You found it on level 6 of the Dungeon)
 u - an uncursed ring of positive energy
   (You found it on level 7 of the Dungeon)
Scrolls
 a - 2 scrolls of remove curse
 k - 2 scrolls of fear
 n - a scroll of identify
 o - a scroll of amnesia
 r - 2 scrolls of teleportation
 s - a scroll of acquirement {unknown}
Potions
 c - 4 potions of curing
 d - 3 potions of haste {unknown}
 f - 2 potions of brilliance
 h - a potion of stabbing {unknown}
 i - a potion of flight
 j - a potion of lignification {unknown}
 m - a potion of mutation {unknown}
 q - a potion of ambrosia {unknown}
 t - a potion of heal wounds
Comestibles
 e - 10 rations


   Skills:
 + Level 4.2 Fighting
 - Level 2.6 Dodging
 - Level 2.6 Stealth
 * Level 6.0 Spellcasting
 * Level 5.8 Conjurations
 * Level 6.5 Fire Magic


You had 9 spell levels left.
You knew the following spells:

 Your Spells              Type           Power        Failure   Level  Hunger
a - Foxfire               Conj/Fire      ####         1%          1    None
q - Sticky Flame          Conj/Fire      ####....     10%         4    ####...
z - Fireball              Conj/Fire      ####......   26%         5    #####..

Your spell library contained the following spells:

 Spells                   Type           Power        Failure   Level  Hunger
 Conjure Flame            Conj/Fire      ####....     2%          3    ##.....
 Inner Flame              Hex/Fire       ###.....     10%         3    ##.....


Dungeon Overview and Level Annotations

Branches:
Dungeon (7/15)             Temple (1/1) D:6

Altars:
Ashenzari
Cheibriados
Dithmenos
Fedhas
Gozag
Hepliaklqana
Kikubaaqudgha
Makhleb
Nemelex Xobeh
Okawaru
Qazlal
Ru
Sif Muna
Trog
Uskayaw
Vehumet
Wu Jian
Xom
Yredelemnul
The Shining One
Beogh

Shops:
D:7 :[=

Annotations:
D:4 3 runed translucent doors, Yolobob's ghost, amateur DrFE
D:6 3 runed translucent doors, Neebert's ghost, novice FoFi


Innate Abilities, Weirdness & Mutations

You cannot wear armour.
You are incapable of wielding weapons or throwing items.
Your paws allow you to move quietly. (Stealth)
You have sharp claws.
You have razor-sharp teeth.
You have supernaturally acute eyesight. (SInv)
You are carnivorous and can eat meat at any time.
You cover ground quickly.
You are covered in thick fur. (AC +2)
You have a slow metabolism.
Your sharp claws are effective at attacking unaware monsters.


Message History

You conjure some foxfire!
The foxfire hits the orc warrior but does no damage. x2
The orc warrior throws a boomerang of dispersal.
The boomerang of dispersal hits you!
* * * LOW HITPOINT WARNING * * *
You blink.
You can't grasp things well enough to throw them.
The orc warrior is too close now for your liking.
You conjure some foxfire!
You can't grasp things well enough to throw them.
You conjure some foxfire!
The foxfire hits the orc warrior.
The foxfire hits the orc warrior but does no damage.
The orc warrior throws a boomerang of dispersal.
The boomerang of dispersal misses you.
You can't grasp things well enough to throw them.
You conjure some foxfire!
The foxfire hits the orc warrior.
The foxfire hits the orc warrior but does no damage.
You can't grasp things well enough to throw them.
You conjure some foxfire!
The foxfire hits the orc warrior but does no damage.
You can't grasp things well enough to throw them.
You conjure some foxfire!
The foxfire hits the orc warrior but does no damage.
The foxfire hits the orc warrior.
The foxfire hits the orc warrior but does no damage.
The orc warrior throws a boomerang of dispersal.
The boomerang of dispersal closely misses you.
You can't grasp things well enough to throw them.
You conjure some foxfire!
The foxfire hits the orc warrior.
You can't grasp things well enough to throw them.
You conjure some foxfire!
The foxfire hits the orc warrior!
The foxfire hits the orc warrior but does no damage. x2
The orc warrior throws a boomerang of dispersal.
The boomerang of dispersal completely misses you.
You can't grasp things well enough to throw them.
You don't have enough magic to cast that spell.
The foxfire hits the orc warrior but does no damage.
The orc warrior throws a boomerang of dispersal.
The boomerang of dispersal barely misses you.
The orc warrior throws a boomerang of dispersal.
The boomerang of dispersal misses you.
You aren't carrying any items that you can evoke.
Unknown command.
A centaur comes into view.
The centaur shouts!
The centaur wields a +0 shortbow.
The centaur shoots an arrow.
The arrow barely misses you.
The centaur shoots an arrow.
The arrow barely misses you.
The centaur shoots an arrow.
The arrow hits you!
You die...

.$. ..) ). ###o ######
....## ##.#...# ###
#§v§####..#...# ..###
###.(#....##...##....###
............o...#.......
#####.∩.#.##.((.@...c#
#...#.##...##....#
#.#.#.###### ....#
####.#...# ....#
#.......## (...#
##..####.# ....# .>..#
#..# ..### #..## #.# ###
..## .#


You could see an orc warrior and a centaur.

Vanquished Creatures
  A water moccasin (D:6)
  2 sky beasts (D:5)
  An orc warrior (D:6)
  2 ice beasts
  2 ogres
  A phantom (D:6)
  3 centaurs
  A bullfrog (D:6)
  6 killer bees (D:6)
  2 bullfrog zombies (D:6)
  2 hounds
  A jelly (D:6)
  A bullfrog skeleton (D:6)
  An orc priest (D:6)
  An iguana (D:4)
  2 orc wizards
  5 worker ants
  A worker ant zombie (D:6)
  A howler monkey zombie (D:6)
  6 gnolls
  6 adders
  An adder zombie (D:6)
  An adder skeleton (D:6)
  2 worms (D:2)
  3 dart slugs
  2 leopard geckos
  22 orcs
  9 bats
  4 giant cockroaches
  4 goblins
  9 hobgoblins
  8 jackals
  6 kobolds
  4 quokkas
  4 frilled lizards
  A giant cockroach zombie (D:6)
  3 leopard gecko zombies
  5 rats
136 creatures vanquished.

Vanquished Creatures (collateral kills)
  An orc (D:7)
1 creature vanquished.

Vanquished Creatures (others)
  691 foxfires
  4 fungi (D:6)
695 creatures vanquished.

Grand Total: 832 creatures vanquished

Notes
Turn   | Place    | Note
-------+----------+-------------------------------------------
     0 | D:1      | vurker the Felid Fire Elementalist began the quest for the
                  | Orb.
     0 | D:1      | Reached XP level 1. HP: 7/7 MP: 4/4
   145 | D:1      | Reached skill level 1 in Conjurations
   225 | D:1      | Reached XP level 2. HP: 12/12 MP: 0/6
   552 | D:1      | You fall into a shaft and drop 1 floor!
   552 | D:2      | Found a glowing golden altar of the Shining One.
  1087 | D:1      | Reached XP level 3. HP: 15/15 MP: 4/7
  1718 | D:2      | Reached skill level 1 in Fighting
  2278 | D:3      | Reached XP level 4. HP: 19/19 MP: 2/8
  3092 | D:3      | Found a shimmering altar of Xom.
  3092 | D:3      | Found a sparkling altar of Nemelex Xobeh.
  3350 | D:4      | Noticed an ogre
  3377 | D:4      | Killed an ogre
  3377 | D:4      | Reached XP level 5. HP: 22/22 MP: 1/10
  3703 | D:4      | Killed from afar by an orc wizard
  3704 | D:4      | Reached XP level 4. HP: -3/19 MP: 4/9
  3775 | D:4      | Reached XP level 5. HP: 12/22 MP: 0/11
  4170 | D:4      | Learned a level 4 spell: Sticky Flame
  4176 | D:4      | Learned a level 5 spell: Fireball
  4314 | D:4      | Found a runed translucent gate.
  4314 | D:4      | Found a runed translucent gate.
  4314 | D:4      | Found a runed translucent gate.
  4314 | D:4      | Noticed Yolobob's ghost (amateur DrFE)
  4317 | D:4      | Found a roughly hewn altar of Beogh.
  4318 | D:4      | Identified the +6 dagger "Dragon's Funeral" {drain, rPois
                  | rF+}
  4318 | D:4      | Identified the cursed +0 chain mail of Grot {rF- rN++ Str-4
                  | Int+10}
  4531 | D:5      | Entered Level 5 of the Dungeon
  5078 | D:5      | Noticed an ice beast
  5098 | D:5      | Noticed a sky beast
  5101 | D:5      | Killed an ice beast
  5101 | D:5      | Gained mutation: You are covered in thick fur. (AC +2)
                  | [Felid growth]
  5101 | D:5      | Reached XP level 6. HP: 7/26 MP: 0/12
  5677 | D:5      | Noticed a sky beast
  5693 | D:5      | Killed a sky beast
  5693 | D:5      | Reached XP level 7. HP: 19/30 MP: 3/14
  6216 | D:5      | Reached skill level 5 in Fire Magic
  6856 | D:6      | Reached XP level 8. HP: 34/34 MP: 4/16
  6979 | D:6      | Reached skill level 5 in Spellcasting
  7039 | D:6      | Found a staircase to the Ecumenical Temple.
  7049 | Temple   | Entered the Ecumenical Temple
  7068 | Temple   | Became a worshipper of Vehumet
  7108 | D:6      | Reached skill level 5 in Conjurations
  7210 | D:6      | Found a runed translucent gate.
  7211 | D:6      | Found a runed translucent gate.
  7212 | D:6      | Found a runed translucent gate.
  7214 | D:6      | Identified the +3 dagger "Jelehat" {drain, rPois rF+}
  7216 | D:6      | Noticed Neebert's ghost (novice FoFi)
  7745 | D:6      | Slain by a killer bee
  7746 | D:6      | Reached XP level 7. HP: 0/31 MP: 4/16
  8360 | D:7      | Reached XP level 8. HP: 29/36 MP: 11/17
  8468 | D:7      | Found Pogerrun's Book Shop.
  8469 | D:7      | Found Paosaris's Armour Boutique.
  8660 | D:7      | Found a bloodstained altar of Trog.
  8660 | D:7      | Found a sacrificial altar of Ru.
  8716 | D:7      | Found Fim Hargh's Jewellery Shoppe.
  8815 | D:7      | Shot with an arrow by a centaur

Illustrated notes

Levels and vault maps discovered:
D:1:      mainiacjoe_arrival_reflecting_pool, layout_basic
D:2:      layout_loops_ring, old_standard_altar, first_ration,
          kennysheep_generic_room_6
D:3:      layout_rooms, gammafunk_temple_overflow_statue, st_stairs_5
D:4:      layout_basic, biasface_ghost_orc_armoury
D:5:      layout_loops_corners
D:6:      layout_cave_pools, minmay_temple_entry_stoned_glass, serial_undead,
          serial_undead_d, serial_undead_d, serial_undead_d, serial_undead_c,
          serial_undead_d, serial_undead_b, gammafunk_ghost_nasty_kobolds
D:7:      layout_rooms, gammafunk_temple_overflow_wave, serial_shops,
          nicolae_shop_competitors_out_of_business, shop, shop,
          nicolae_shop_trees, shop_coins, nicolae_ossuary_entry_catacombs
Temple:   minmay_freezing_vapour_temple

Skill      XL: |  1  2  3  4  5  6  7  8 |
---------------+-------------------------+-----
Conjurations   | 1 2 3 4 5 |  5.8
Fire Magic     | 3 4 5 6 |  6.5
Fighting       | 1 2 4 |  4.2
Spellcasting   | 3 4 6 |  6.0
Dodging        | |  2.6
Stealth        | |  2.6

Action                   |  1- 3 |  4- 6 |  7- 9 || total
-------------------------+-------+-------+-------++-------
Melee: Unarmed           |     6 |    57 |     2 ||    65
       Bite              |       |     7 |       ||     7
 Cast: Foxfire           |    87 |   168 |   224 ||   479
       Sticky Flame      |       |       |     3 ||     3
  Use: Scroll            |     1 |     4 |     2 ||     7
       Potion            |       |     6 |       ||     6
  Eat: Chunk             |    11 |    11 |     4 ||    26
Armor: Skin              |     3 |     5 |     2 ||    10
Dodge: Dodged            |    18 |   104 |    59 ||   181
